[Event "Marshall CC FIDE Premier November 2024"]
[Site "New York"]
[Date "2024.11.03"]
[Round "4.10"]
[White "Berg, George"]
[Black "Knowles, Chase"]
[Result "0-1"]
[ECO "B09"]
[WhiteElo "1952"]
[BlackElo "1966"]
[Annotator "RC"]
[PlyCount "104"]
[EventDate "2024.11.01"]
[EventType "swiss"]
[EventCountry "USA"]
[SourceTitle "playchess.com"]
[Source "ChessBase"]
[SourceQuality "1"]
[TimeControl "5400+30"]

1. e4 g6 2. d4 Bg7 3. Nc3 d6 4. f4 Nf6 5. Nf3 O-O 6. Bd3 Nc6 7. e5 dxe5 8. fxe5 Ng4 9. Be4 Bd7 10. h3 Nh6 11. Bf4 e6 12. g4 Kh8 13. Qd2 Ng8 14. O-O-O f6 15. h4 Be8 16. Qh2 f5 17. gxf5 gxf5 18. d5 fxe4 19. dxc6 Qc8 20. cxb7 Qxb7 21. Ng5 Rb8 22. b3 Qc6 23. Ne2 Bh5 24. Nd4 Qc3 25. Kb1 Bxd1 26. Rxd1 Nh6 27. Ndxe6 Rxf4 28. Nxg7 Qxe5 29. N7e6 Rf5 30. Qxe5+ Rxe5 31. Rd7 Rxe6 32. Nxe6 Re8 33. Ng5 Nf5 34. Rxh7+ Kg8 35. Rxc7 e3 36. Nf3 e2 37. Rxa7 Nxh4 38. Ne1 Rd8 39. Ra4 Rd1+ 40. Kb2 Rxe1 41. Re4 Nf3 42. a4 Ng1 43. a5 Rd1 44. a6 e1=Q 45. Rxe1 Rxe1 46. b4 Re8 47. b5 Nf3 48. Kc3 Ne5 49. Kb4 Kf7 50. b6 Ke6 51. b7 Kd6 52. Kb5 Kc7 0-1

[Event "Marshall CC FIDE Premier November 2024"]
[Site "New York"]
[Date "2024.11.04"]
[Round "5.1"]
[White "Paragua, Megan Althea"]
[Black "Putnam, Liam"]
[Result "0-1"]
[ECO "B13"]
[WhiteElo "2190"]
[BlackElo "2388"]
[Annotator "TA"]
[PlyCount "116"]
[EventDate "2024.11.01"]
[EventType "swiss"]
[EventCountry "USA"]
[SourceTitle "playchess.com"]
[Source "ChessBase"]
[SourceQuality "1"]
[TimeControl "5400+30"]

1. e4 c6 2. d4 d5 3. exd5 cxd5 4. c4 Nf6 5. Nc3 Nc6 6. Nf3 Be6 7. c5 g6 8. Be2 Bg7 9. O-O O-O 10. h3 {[%emt 0:01:21] The position is equal.} Bf5 11. Be3 Ne4 12. Rc1 Rc8 13. Qa4 Qd7 {[%emt 0:04:37] [#] Hoping for ...Nxc3.} 14. Qa3 Rfd8 15. Rfd1 Nxc3 16. Qxc3 a5 17. Bb5 Be4 18. Ng5 Qc7 19. Qb3 (19. Qd2 {is interesting.} e6 20. Bf4 e5 21. dxe5 Bxe5 22. Bxe5 Qxe5 23. b3) 19... Bf5 ({Black should try} 19... e6 $1 $11) 20. Nf3 h6 21. Bxc6 bxc6 22. Qb6 a4 (22... Rd7 {with more complications.} 23. a4 Ra8 24. Ne5 Rb8) 23. Qxc7 Rxc7 24. Bd2 {[%emt 0:00:31] And now Ba5 would win. White is weak on the light squares} Rb7 25. Bc3 g5 26. Ne5 Rc8 27. Nd3 f6 {[%emt 0:01:29] Black is more active.} 28. f3 Kf7 29. g4 Bg6 30. Rd2 Re8 31. Re1 Bf8 32. Nb4 Rc7 33. Kg2 Ra8 34. a3 ({Better is} 34. Rde2 $11) 34... Ke8 $15 35. Rde2 Kd7 36. Kg3 Re8 37. Kg2 Rcc8 38. Na2 e6 39. Bd2 Bd3 40. Re3 Bc4 41. Nb4 Re7 42. Bc3 Rce8 43. Nd3 Kc7 44. Nb4 Kb7 (44... f5 $17 45. h4 gxh4) 45. Kh1 Bb3 46. Kg2 Kc7 47. Na6+ Kd7 48. Nb4 Bg7 49. Nd3 Bc2 50. Kf2 {[%emt 0:00:52] [#]} h5 $1 51. R1e2 (51. Rc1 Bb3) 51... Bb1 52. Re1 Ba2 53. Nb4 Bc4 54. Kg2 Bb5 55. Nd3 hxg4 (55... e5 $17 {Strongly threatening ...exd4.} 56. dxe5 Bxd3 57. Rxd3 fxe5) 56. hxg4 e5 {[%emt 0:00:18] ...exd4 is the strong threat.} 57. Kf2 $2 (57. Nf2 $15) 57... exd4 $19 58. Rxe7+ Rxe7 {[%emt 0:00:06] Weighted Error Value: White=0.28 (precise) /Black=0.12 (very precise) .  Loses game:     	White=1     	---        Mistake:       	White=1     	Black=3      Inaccurate:     	White=11    	Black=8      OK:         	White=13    	Black=21     Best:        	---       	Black=1} 0-1

[Event "Marshall CC FIDE Premier November 2024"]
[Site "New York"]
[Date "2024.11.04"]
[Round "5.2"]
[White "Muthukumar, Haari"]
[Black "Tadevosyan, Levon"]
[Result "1-0"]
[ECO "C47"]
[WhiteElo "2168"]
[BlackElo "1867"]
[Annotator "RC"]
[PlyCount "111"]
[EventDate "2024.11.01"]
[EventType "swiss"]
[EventCountry "USA"]
[SourceTitle "playchess.com"]
[Source "ChessBase"]
[SourceQuality "1"]
[TimeControl "5400+30"]

1. e4 e5 2. Nf3 Nc6 3. Nc3 Nf6 4. a3 d5 5. Bb5 dxe4 6. Nxe5 Bd7 7. Bxc6 bxc6 8. Qe2 Qe7 9. Nxd7 Kxd7 10. O-O Qe6 11. Re1 Re8 12. d3 Bc5 13. Nxe4 Nxe4 14. dxe4 Kc8 15. Bf4 Rhg8 16. b4 Bd4 17. Rad1 Rd8 18. Qa6+ Kb8 19. Bxc7+ Kxc7 20. Rxd4 Kb8 21. Qd3 Rxd4 22. Qxd4 h5 23. c4 h4 24. e5 Re8 25. Re3 Qf5 26. h3 g5 27. Qd6+ Kb7 28. Rf3 Qe6 29. Qxe6 fxe6 30. Rf7+ Kb6 31. c5+ Ka6 32. Rc7 Kb5 33. Rxa7 Rd8 34. Re7 Rd3 35. Rxe6 Rxa3 36. Rg6 Ra1+ 37. Kh2 Re1 38. Rxg5 Kxb4 39. Rg4+ Kxc5 40. Rxh4 Rxe5 41. g4 Kd6 42. Rh8 c5 43. Rd8+ Kc7 44. Rd3 Kc6 45. f4 Re4 46. Kg3 Kb5 47. g5 Kc4 48. Rd1 Kb3 49. f5 c4 50. f6 Re5 51. Kf4 Re2 52. g6 c3 53. g7 Rg2 54. f7 c2 55. Rc1 Kb2 56. Rxc2+ 1-0

[Event "Marshall CC FIDE Premier November 2024"]
[Site "New York"]
[Date "2024.11.04"]
[Round "5.3"]
[White "Hebbar, Eshaan"]
[Black "Panuganti, Kireet"]
[Result "1-0"]
[ECO "D36"]
[WhiteElo "2130"]
[BlackElo "2020"]
[Annotator "RC"]
[PlyCount "123"]
[EventDate "2024.11.01"]
[EventType "swiss"]
[EventCountry "USA"]
[SourceTitle "playchess.com"]
[Source "ChessBase"]
[SourceQuality "1"]
[TimeControl "5400+30"]

1. d4 Nf6 2. c4 e6 3. Nf3 d5 4. Nc3 Be7 5. cxd5 exd5 6. Bg5 c6 7. Qc2 g6 8. e3 Bf5 9. Bd3 Bxd3 10. Qxd3 O-O 11. O-O Nbd7 12. Nd2 Re8 13. f3 c5 14. Bxf6 Nxf6 15. Rfe1 Rc8 16. dxc5 Bxc5 17. Nb3 Bb6 18. Kh1 a6 19. Rad1 Re5 20. Nd4 Qd6 21. Re2 Rce8 22. Nc2 Bc7 23. f4 R5e7 24. g3 Rd8 25. Red2 Qe6 26. Qe2 Bb6 27. Qf3 Red7 28. Nd4 Qe8 29. g4 Ne4 30. Rg2 Re7 31. Nce2 Nd6 32. Rd3 Nc4 33. Rg3 Nxb2 34. Rb3 Nc4 35. Qf2 Bc5 36. Rh3 Qf8 37. f5 Nd2 38. Qh4 h6 39. f6 Re4 40. Rxb7 Nc4 41. Nc3 Rxe3 42. Rxe3 Nxe3 43. Ne6 fxe6 44. Rg7+ Qxg7 45. fxg7 Rd7 46. Qxh6 Rxg7 47. Ne2 Nxg4 48. Qg5 Nf2+ 49. Kg2 Rf7 50. Ng3 Kh7 51. Qh4+ Kg7 52. Qa4 Nd3 53. Qxa6 Rf2+ 54. Kh3 Nf4+ 55. Kg4 Ng2 56. Qxe6 Ne3+ 57. Kg5 Rxh2 58. Qxg6+ Kf8 59. Qf6+ Kg8 60. Qe6+ Kh7 61. Qf7+ Kh8 62. Kg6 1-0

[Event "Marshall CC FIDE Premier November 2024"]
[Site "New York"]
[Date "2024.11.04"]
[Round "5.4"]
[White "Zhu, Linxi"]
[Black "Hoffman, Luc"]
[Result "1/2-1/2"]
[ECO "B29"]
[WhiteElo "2143"]
[BlackElo "2088"]
[Annotator "RC"]
[PlyCount "31"]
[EventDate "2024.11.01"]
[EventType "swiss"]
[EventCountry "USA"]
[SourceTitle "playchess.com"]
[Source "ChessBase"]
[SourceQuality "1"]
[TimeControl "5400+30"]

1. e4 c5 2. Nf3 Nf6 3. e5 Nd5 4. Nc3 e6 5. Ne4 f5 6. Nc3 Ne7 7. d4 cxd4 8. Nb5 Nec6 9. Bg5 Qb6 10. Nfxd4 a6 11. Nxc6 Nxc6 12. Be3 Qa5+ 13. Bd2 Qb6 14. Be3 Qa5+ 15. Bd2 Qb6 16. Be3 1/2-1/2

[Event "Marshall CC FIDE Premier November 2024"]
[Site "New York"]
[Date "2024.11.04"]
[Round "5.5"]
[White "Ayyappan, Santhosh"]
[Black "Kozower, Ethan"]
[Result "1/2-1/2"]
[ECO "B45"]
[WhiteElo "1933"]
[BlackElo "1985"]
[Annotator "RC"]
[PlyCount "125"]
[EventDate "2024.11.01"]
[EventType "swiss"]
[EventCountry "USA"]
[SourceTitle "playchess.com"]
[Source "ChessBase"]
[SourceQuality "1"]
[TimeControl "5400+30"]

1. e4 c5 2. Nf3 Nc6 3. d4 cxd4 4. Nxd4 Nf6 5. Nc3 e6 6. Be3 Bb4 7. Bd3 d5 8. Nxc6 bxc6 9. exd5 cxd5 10. O-O O-O 11. Bd4 Bd6 12. f4 Qe7 13. Kh1 Bc5 14. Bxf6 Qxf6 15. f5 Qh6 16. Rf3 exf5 17. Nxd5 f4 18. Qd2 Bg4 19. Rff1 Be3 20. Nxe3 fxe3 21. Qb4 f5 22. Rae1 f4 23. Bc4+ Be6 24. Bxe6+ Qxe6 25. Qb3 Qxb3 26. axb3 Rad8 27. Re2 g5 28. g3 Kg7 29. Kg2 Kg6 30. b4 Rd4 31. c3 Rd3 32. gxf4 gxf4 33. Kf3 Kf5 34. Ra1 Rd2 35. Rxd2 exd2 36. Rd1 Rd8 37. b5 Ke5 38. b3 Rd3+ 39. Ke2 Rxc3 40. Rxd2 Rxb3 41. Rd7 Rxb5 42. Rxa7 h5 43. Re7+ Kf5 44. Kf3 Rb3+ 45. Kg2 Rb2+ 46. Kf3 Rb3+ 47. Kg2 f3+ 48. Kg3 h4+ 49. Kxh4 Kf4 50. Rf7+ Ke3 51. Kg3 Ke2 52. h4 Rb4 53. h5 Rb5 54. h6 Rg5+ 55. Kh4 Rg1 56. h7 f2 57. Kh5 Rh1+ 58. Kg6 Rg1+ 59. Kh6 Rh1+ 60. Kg7 f1=Q 61. Rxf1 Kxf1 62. h8=Q Rxh8 63. Kxh8 1/2-1/2

[Event "Marshall CC FIDE Premier November 2024"]
[Site "New York"]
[Date "2024.11.04"]
[Round "5.6"]
[White "Miller, Rachel"]
[Black "Shvarts, Tim"]
[Result "0-1"]
[ECO "C54"]
[WhiteElo "1935"]
[BlackElo "1902"]
[Annotator "RC"]
[PlyCount "130"]
[EventDate "2024.11.01"]
[EventType "swiss"]
[EventCountry "USA"]
[SourceTitle "playchess.com"]
[Source "ChessBase"]
[SourceQuality "1"]
[TimeControl "5400+30"]

1. e4 e5 2. Nf3 Nc6 3. Bc4 Bc5 4. c3 Nf6 5. d3 O-O 6. O-O d6 7. Re1 h6 8. h3 Re8 9. a4 a6 10. Nbd2 Be6 11. Bxe6 Rxe6 12. b4 Ba7 13. b5 Ne7 14. Bb2 d5 15. Qb3 Ng6 16. g3 dxe4 17. dxe4 Nh5 18. Kg2 Qd7 19. Qc4 Rd6 20. Qf1 Rxd2 21. Nxd2 Qxd2 22. Bc1 Qxc3 23. Be3 Qb4 24. Bxa7 Rxa7 25. Rac1 b6 26. bxa6 Qxa4 27. Qc4 Qxc4 28. Rxc4 Nf8 29. Rd1 Ne6 30. Rd5 Rxa6 31. Rxe5 Nf6 32. Rb5 Nc5 33. e5 Nfd7 34. f4 Ra3 35. Rb2 Kf8 36. Rd4 Ke7 37. h4 h5 38. Rbd2 Ke6 39. Rb2 g6 40. Rbd2 Ke7 41. Kh2 Nf8 42. Rg2 Nfe6 43. Rdd2 Ng7 44. Ra2 Rc3 45. Rac2 Rxc2 46. Rxc2 Nf5 47. Rc3 Ke6 48. Kh3 Nh6 49. Ra3 Kd5 50. Ra8 Ke6 51. Re8+ Kd7 52. Rh8 Ng4 53. Rf8 b5 54. Rxf7+ Kc6 55. Rg7 b4 56. Rxg6+ Kd5 57. Rg5 Nf2+ 58. Kg2 Nfe4 59. e6+ Kxe6 60. Rxh5 b3 61. Rh8 Nd6 62. Rh5 Nd7 63. Rh8 b2 64. f5+ Nxf5 65. Re8+ Ne7 0-1

[Event "Marshall CC FIDE Premier November 2024"]
[Site "New York"]
[Date "2024.11.04"]
[Round "5.7"]
[White "Berg, George"]
[Black "Levine, Owen"]
[Result "0-1"]
[ECO "B91"]
[WhiteElo "1952"]
[BlackElo "1998"]
[Annotator "RC"]
[PlyCount "94"]
[EventDate "2024.11.01"]
[EventType "swiss"]
[EventCountry "USA"]
[SourceTitle "playchess.com"]
[Source "ChessBase"]
[SourceQuality "1"]
[TimeControl "5400+30"]

1. e4 c5 2. Nf3 d6 3. d4 cxd4 4. Nxd4 Nf6 5. Nc3 a6 6. g3 e5 7. Nb3 Be7 8. Bg2 O-O 9. O-O Be6 10. a4 Nbd7 11. a5 Rc8 12. h3 Qc7 13. Re1 Rfd8 14. Nd2 Nb8 15. Nf1 Nc6 16. Bd2 d5 17. exd5 Nxd5 18. Nxd5 Bxd5 19. Bxd5 Rxd5 20. Ne3 Rd7 21. c4 Nd4 22. Nd5 Qxc4 23. Nb6 Qc6 24. Nxd7 Nf3+ 25. Kf1 Nxe1 26. Qxe1 Qxd7 27. Kg2 Rc2 28. Rd1 f6 29. Bc3 Qc6+ 30. Kg1 Bc5 31. Rd2 Rxd2 32. Bxd2 Qf3 33. Be3 Bxe3 34. fxe3 Qd5 35. Qc3 e4 36. g4 h5 37. gxh5 Kh7 38. Qe1 Qxh5 39. Kh2 Kg8 40. Qb4 Qe2+ 41. Kh1 Qxe3 42. Qxb7 Qd3 43. Qc8+ Kf7 44. Qc7+ Kg6 45. Qf4 Qb1+ 46. Kg2 Qxb2+ 47. Kg3 Qe5 0-1

[Event "Marshall CC FIDE Premier November 2024"]
[Site "New York"]
[Date "2024.11.04"]
[Round "5.8"]
[White "Cheung, Kyle"]
[Black "Marzouq, Chowdhury"]
[Result "1-0"]
[ECO "B90"]
[WhiteElo "1882"]
[BlackElo "1948"]
[Annotator "RC"]
[PlyCount "105"]
[EventDate "2024.11.01"]
[EventType "swiss"]
[EventCountry "USA"]
[SourceTitle "playchess.com"]
[Source "ChessBase"]
[SourceQuality "1"]
[TimeControl "5400+30"]

1. e4 c5 2. Nf3 d6 3. d4 cxd4 4. Nxd4 Nf6 5. Nc3 a6 6. Be3 e5 7. Nb3 Be7 8. f3 Be6 9. Qd2 h5 10. Be2 Nbd7 11. O-O Qc7 12. Rad1 O-O 13. h3 Nb6 14. Bxb6 Qxb6+ 15. Kh1 Rfd8 16. f4 exf4 17. Qxf4 g6 18. Qh6 Bf8 19. Qg5 Nh7 20. Qf4 Bg7 21. Nd5 Bxd5 22. Rxd5 Nf6 23. Rd2 Rac8 24. c3 Qc6 25. Bf3 Qa4 26. Rfd1 Ne8 27. Nc1 Be5 28. Qe3 Ng7 29. Nd3 Bf6 30. Nb4 Be5 31. Nd5 Qe8 32. Qg5 Kf8 33. Qh6 Kg8 34. g4 hxg4 35. hxg4 Ne6 36. Rh2 Rc5 37. g5 Rxd5 38. exd5 Nf4 39. c4 Bg7 40. Qh7+ Kf8 41. Qh4 Qe3 42. Qf2 Qe5 43. Qg3 Qf5 44. Qg4 Qe5 45. Rh4 Nh5 46. Qg2 Ng3+ 47. Kg1 Nf5 48. Re4 Qxb2 49. Qxb2 Bxb2 50. Rb1 Bd4+ 51. Kg2 Rd7 52. Bg4 Ne3+ 53. Rxe3 1-0

[Event "Marshall CC FIDE Premier November 2024"]
[Site "New York"]
[Date "2024.11.04"]
[Round "5.9"]
[White "Knowles, Chase"]
[Black "Shankar, Pranav"]
[Result "1-0"]
[ECO "A13"]
[WhiteElo "1966"]
[BlackElo "1956"]
[Annotator "RC"]
[PlyCount "55"]
[EventDate "2024.11.01"]
[EventType "swiss"]
[EventCountry "USA"]
[SourceTitle "playchess.com"]
[Source "ChessBase"]
[SourceQuality "1"]
[TimeControl "5400+30"]

1. Nf3 Nf6 2. c4 e6 3. e3 b6 4. Nc3 Bb7 5. b3 d5 6. Bb2 Nbd7 7. Qc2 a6 8. Be2 Bd6 9. Rg1 c6 10. g4 e5 11. g5 Ng8 12. Nh4 Ne7 13. Nf5 Nxf5 14. Qxf5 O-O 15. Bd3 g6 16. Qh3 Nc5 17. Bc2 Ne6 18. Qg2 Be7 19. h4 b5 20. Ne2 Bd6 21. h5 Qe7 22. Qg4 Rad8 23. f4 dxc4 24. Ng3 Bb4 25. Ne4 Nxf4 26. exf4 exf4 27. Kf1 f5 28. gxf6 1-0